 Dungeon Crawl Stone Soup version 0.29.1-2-gbd0b4ee654 (webtiles) character file.

Game seed: 7705103527918170886

1393 Lutefisk the Covert (level 8, -3/45 HPs)
             Began as a Vine Stalker Brigand on Oct 30, 2022.
             Was a Follower of Elyvilon.
             Succumbed to a water moccasin's poison
             ... on level 7 of the Dungeon.
             The game lasted 00:13:40 (2258 turns).

Lutefisk the Covert (Vine Stalker Brigand)          Turns: 2258, Time: 00:13:41

Health: -3/45      AC:  9    Str: 13    XL:     8   Next: 68%
Magic:  2/9        EV: 11    Int: 11    God:    Elyvilon [*.....]
Gold:   317        SH:  0    Dex: 19    Spells: 7/7 levels left

rFire   . . .      SeeInvis .   b - +0 rapier
rCold   . . .      Faith    .   (no shield)
rNeg    . . .      Spirit   +   s - +0 ring mail
rPois   .          Reflect  .   C - +1 helmet
rElec   .          Harm     .   c - +0 cloak
rCorr   .          Rampage  .   p - +0 pair of gloves
Will    +....                   (no boots)
Stlth   ++++......              (no amulet)
HPRegen 0.95/turn               (no ring)
MPRegen 0.11/turn               (no ring)

@: brilliant, lethally poisoned (-3 -> -21), hasted, very quick
A: fangs 3, regeneration 1, magic shield, antimagic bite, no potion heal 2
a: Renounce Religion, Purification


You were on level 7 of the Dungeon.
You worshipped Elyvilon.
Elyvilon was aware of your devotion.
You visited 2 branches of the dungeon, and saw 8 of its levels.

You collected 317 gold pieces.

Inventory:

Hand Weapons
 a - a +2 dagger of protection
 b - a +0 rapier (weapon)
Missiles
 d - 15 poisoned darts
 e - 2 curare-tipped darts (quivered)
Armour
 c - a +0 cloak (worn)
 o - a +0 kite shield
 p - a +0 pair of gloves (worn)
 s - a +0 ring mail (worn)
 u - a scarf of harm
 C - a +1 helmet (worn)
Scrolls
 f - 3 scrolls of teleportation {unknown}
 h - 2 scrolls of butterflies {unknown}
 i - 2 scrolls of poison {unknown}
 j - 9 scrolls of identify {unknown}
 l - 2 scrolls of vulnerability {unknown}
 q - a scroll of silence {unknown}
 r - a scroll of immolation {unknown}
 x - a scroll of noise {unknown}
 y - a scroll of torment {unknown}
 B - a scroll of fear {unknown}
Potions
 g - a potion of haste
 m - 2 potions of brilliance
 n - a potion of might {unknown}
 t - a potion of cancellation {unknown}
 v - a potion of invisibility {unknown}
 w - a potion of degeneration {unknown}
 z - a potion of mutation {unknown}
 A - a potion of lignification {unknown}


   Skills:
 * Level 6.3 Fighting
 - Level 1.7(3.0) Short Blades
 - Level 3.7(4.0) Long Blades
 - Level 2.0 Throwing
 - Level 2.0 Armour
 - Level 2.0 Dodging
 * Level 8.5 Stealth


You had 7 spell levels left.
You didn't know any spells.
Your spell library contained the following spells:

 Spells                   Type           Power      Damage    Failure   Level
 Foxfire                  Conj/Fire      0%         2x1d4     58%         1
 Magic Dart               Conj           0%         1d3       58%         1
 Blink                    Tloc           0%         N/A       75%         2
 Ensorcelled Hibernation  Hex/Ice        0%         N/A       75%         2
 Passwall                 Tmut/Erth      0%         N/A       75%         2
 Searing Ray              Conj           0%         2d4       75%         2
 Static Discharge         Conj/Air       0%         3-3/arc   75%         2
 Conjure Flame            Conj/Fire      0%         6-21      92%         3
 Dazzling Flash           Conj/Hex       0%         N/A       92%         3
 Gell's Gravitas          Tloc           0%         N/A       92%         3
 Inner Flame              Hex/Fire       0%         N/A       92%         3
 Lesser Beckoning         Tloc           0%         N/A       92%         3
 Summon Guardian Golem    Hex/Summ       0%         N/A       92%         3
 Swiftness                Air            0%         N/A       92%         3
 Teleport Other           Tloc           0%         N/A       92%         3
 Animate Armour           Summ/Erth      0%         N/A       100%        4
 Flame Wave               Conj/Fire      0%         2d4       100%        4
 Fulminant Prism          Conj/Hex       0%         3d6       100%        4
 Summon Lightning Spire   Summ/Air       0%         N/A       100%        4
 Agony                    Necr           0%         N/A       100%        5
 Manifold Assault         Tloc           0%         N/A       100%        5
 Silence                  Hex/Air        0%         N/A       100%        5
 Haunt                    Necr/Summ      0%         N/A       100%        7


Dungeon Overview and Level Annotations

Branches:
Dungeon (7/15)             Temple (1/1) D:5

Altars:
Dithmenos
Elyvilon
Kikubaaqudgha
Makhleb
Okawaru
Ru
Sif Muna
Yredelemnul
Zin

Shops:
D:6 =

Annotations:
D:3 1 runed translucent door, wingedge's ghost, amateur DgHu


Innate Abilities, Weirdness & Mutations

You have razor-sharp teeth.
Your natural rate of healing is unusually fast.
When hurt, damage is shared between your health and your magic reserves.
Your bite disrupts and absorbs the magic of your enemies.
Potions cannot restore your health.


Message History

Unknown command.
It was a potion of curing.
Your system rejects the healing.
You feel better.
The water moccasin bites you but does no damage.
You barely miss the water moccasin. Your bite misses the water moccasin.
The water moccasin is heavily wounded.
The water moccasin bites you.
* * * LOW HITPOINT WARNING * * *
You closely miss the water moccasin. Your bite misses the water moccasin.
The water moccasin is heavily wounded.
The water moccasin closely misses you.
You hit the water moccasin but do no damage.
The water moccasin is heavily wounded.
The water moccasin closely misses you.
You closely miss the water moccasin.
The water moccasin is heavily wounded.
You hit the water moccasin.
The water moccasin is severely wounded.
The water moccasin bites you.
* * * LOW HITPOINT WARNING * * *
You are lethally poisoned!
The water moccasin poisons you!
You miss the water moccasin. You bite the water moccasin! You drain its power.
You feel invigorated.
The water moccasin is almost dead.
* * * LOW HITPOINT WARNING * * *
You feel very sick.
The water moccasin completely misses you.
You hit the water moccasin but do no damage.
The water moccasin is almost dead.
Elyvilon protects you from harm! The water moccasin closely misses you.
You hit the water moccasin but do no damage.
The water moccasin is almost dead.
* * * LOW HITPOINT WARNING * * *
You feel sick. The water moccasin bites you!
You are more poisoned.
The water moccasin poisons you!
You hit the water moccasin.
The water moccasin is almost dead.
You die...

####.##.###
..........
..<......
....#.#
......
#...# #...#
#@S.# #####


You could see a water moccasin.

Vanquished Creatures
  A two-headed ogre (D:6)
  Duvessa (D:6)
  A bullfrog (D:6)
  2 necrophages
  A gnoll sergeant (D:6)
  Dowan (D:6)
  A jelly (D:6)
  2 hounds
  An orc priest (D:4)
  Jessica (D:3)
  2 iguanas
  An orc wizard (D:3)
  7 gnolls
  2 adders
  A worm (D:3)
  3 dart slugs
  4 orcs (D:4)
  7 ball pythons
  5 endoplasms
  5 giant cockroaches
  5 goblins
  8 hobgoblins
  9 jackals
  8 kobolds
  3 quokkas
  3 bats
  3 frilled lizards (D:1)
  6 rats
94 creatures vanquished.

Vanquished Creatures (others)
  A plant (D:2)
  2 withered plants (D:3)
3 creatures vanquished.

Grand Total: 97 creatures vanquished

Notes
Turn   | Place    | Note
-------+----------+-------------------------------------------
     0 | D:1      | Lutefisk the Vine Stalker Brigand began the quest for the
                  | Orb.
     0 | D:1      | Reached XP level 1. HP: 11/11 MP: 2/2
    88 | D:1      | Reached skill level 5 in Stealth
    93 | D:1      | Reached XP level 2. HP: 13/15 MP: 3/3
   298 | D:1      | Reached XP level 3. HP: 8/19 MP: 4/4
   605 | D:2      | Found a faded altar of an unknown god.
   699 | D:3      | Noticed Jessica
   706 | D:3      | Killed Jessica
   707 | D:3      | Gained mutation: Your natural rate of healing is unusually
                  | fast. [Vine Stalker growth]
   707 | D:3      | Reached XP level 4. HP: 25/25 MP: 5/5
   833 | D:3      | Reached skill level 1 in Dodging
   896 | D:3      | Reached skill level 1 in Armour
   896 | D:3      | Reached XP level 5. HP: 29/29 MP: 6/6
  1011 | D:3      | Found a runed translucent door.
  1012 | D:3      | Noticed wingedge's ghost (amateur DgHu)
  1240 | D:4      | Reached skill level 1 in Long Blades
  1240 | D:4      | Reached skill level 6 in Stealth
  1483 | D:4      | Reached XP level 6. HP: 33/33 MP: 7/7
  1535 | D:4      | Got the Spellbook of Summoning and Feathers
  1647 | D:5      | Entered Level 5 of the Dungeon
  1658 | D:5      | Found an ancient bone altar of Kikubaaqudgha.
  1660 | D:5      | Noticed a water moccasin
  1705 | D:5      | Found a staircase to the Ecumenical Temple.
  1719 | D:5      | Reached skill level 7 in Stealth
  1724 | Temple   | Entered the Ecumenical Temple
  1735 | Temple   | Became a worshipper of Elyvilon the Healer
  1766 | D:6      | Found Uxtul's One-of-a-Kind Rings.
  1812 | D:6      | Found an iron altar of Okawaru.
  1870 | D:6      | Found a basalt altar of Yredelemnul.
  1871 | D:6      | Noticed a two-headed ogre
  1928 | D:6      | Killed a two-headed ogre
  1929 | D:6      | Reached skill level 8 in Stealth
  1929 | D:6      | Reached XP level 7. HP: 35/40 MP: 5/8
  1929 | D:6      | Gained mutation: You have razor-sharp teeth. [Vine Stalker
                  | growth]
  1929 | D:6      | Reached XP level 8. HP: 39/44 MP: 5/9
  1949 | D:6      | Noticed Duvessa
  1995 | D:6      | Killed Duvessa
  2023 | D:6      | Noticed Dowan
  2026 | D:6      | Killed Dowan
  2202 | D:6      | Reached * piety under Elyvilon
  2255 | D:7      | HP: 1/45 [poisoned by a water moccasin]
  2256 | D:7      | Elyvilon protects you from harm!
  2258 | D:7      | Succumbed to a water moccasin's poison

Illustrated notes

Levels and vault maps discovered:
D:1:      co_arrival_square_in_a_square_in_a_square, layout_rooms
D:2:      layout_rooms, shapermc_ecumenical_altar_gd
D:3:      layout_loops_ring, gammafunk_ghost_grave, minmay_vboxes, uniq_jessica
D:4:      layout_loops_ring
D:5:      layout_gridville, mainiacjoe_overflow_chevrons,
          minmay_temple_entry_butterflies, uniq_menkaure
D:6:      layout_layer_cave, overflow_temple_1_default,
          minmay_misc_feat_encased, minivault_22, nicolae_shop_unique_rings,
          moated_statue, st_stairs_4, hangedman_feature_mirror,
          grunt_decor_mini_mirrors, minmay_diced_spiral, uniq_duvessa
D:7:      layout_basic, enter_bailey_3, serial_shops, shop, shop_fountains,
          shop, nicolae_shop_behind_doors, nicolae_shop_bloodbath_and_beyond,
          uniq_maggie
Temple:   nicolae_temple_bog_church

Skill      XL: |  1  2  3  4  5  6  7  8 |
---------------+-------------------------+-----
Stealth        | 5 6 8 |  8.5
Fighting       | 2 4 6 |  6.3
Dodging        | 1 2 |  2.0
Armour         | 1 2 |  2.0
Throwing       | 2 |  2.0
Long Blades    | 1 2 3 |  3.7
Short Blades   | |  1.7

Action                   |  1- 3 |  4- 6 |  7- 9 || total
-------------------------+-------+-------+-------++-------
Melee: Dagger            |    97 |    91 |       ||   188
       Bite              |    23 |    57 |    19 ||    99
       Rapier            |       |    87 |    59 ||   146
       Punch             |       |     3 |       ||     3
Throw: Dart              |       |    15 |     5 ||    20
  Use: Potion            |       |       |     3 ||     3
 Stab: Sleeping          |     9 |     4 |       ||    13
Armor: Robe              |    25 |    24 |       ||    49
       Ring mail         |       |    29 |    19 ||    48
Dodge: Dodged            |    45 |    84 |    30 ||   159
